 Dungeon Crawl Stone Soup version 0.27.0-1-g7a089689b8 (webtiles) character file.

Game seed: 976518309221915306

96 ABBCCCDDDD the Sneak (level 4, 0/31 HPs)
             Began as a Vine Stalker Venom Mage on Aug 8, 2021.
             Slain by Ijyb (1 damage)
             ... on level 3 of the Dungeon.
             The game lasted 00:10:12 (3077 turns).

ABBCCCDDDD the Sneak (Vine Stalker Venom Mage)      Turns: 3077, Time: 00:10:12

Health: 0/31       AC: 22    Str: 12    XL:     4   Next: 67%
Magic:  0/9        EV:  2    Int: 15    God:
Gold:   73         SH:  0    Dex: 14    Spells: 5/8 levels left

rFire    + . .     SeeInvis .   r - +4 quarterstaff (chaos)
rCold    . . .     Faith    .   (shield currently unavailable)
rNeg     + + +     Spirit   +   (armour currently unavailable)
rPois    +         Reflect  .   (helmet currently unavailable)
rElec    .         Harm     .   (cloak currently unavailable)
rCorr    .         Rampage  .   (gloves currently unavailable)
Will     .....     NoTele   +   (boots currently unavailable)
Stlth    ++........             (no amulet)
HPRegen  1.10/turn              m - ring of protection from fire
MPRegen  0.11/turn              (no ring)

@: tree-form, weak-willed
A: stationary, stasis, torment immunity, boosted hp, (fangs 2), regeneration 1,
magic shield, (antimagic bite), no potion heal 2
a: no special abilities


You were on level 3 of the Dungeon.
You were a tree.
You visited 1 branch of the dungeon, and saw 3 of its levels.

You collected 73 gold pieces.

Inventory:

Hand Weapons
 e - a +0 dagger
 r - a +4 quarterstaff of chaos (weapon)
Missiles
 h - 7 atropa-tipped darts
Armour
 a - a +0 robe (melded)
 q - a +0 cloak (melded)
Jewellery
 c - a ring of fire
 l - an amulet of faith
 m - a ring of protection from fire (left branch)
Scrolls
 d - a scroll of immolation
 j - a scroll of identify
 k - 2 scrolls of teleportation


   Skills:
 - Level 1.5 Dodging
 + Level 3.8 Stealth
 - Level 0.4 Unarmed Combat
 + Level 2.8 Spellcasting
 - Level 1.0 Transmutations
 + Level 1.5 Air Magic
 + Level 3.7 Poison Magic


You had 5 spell levels left.
You knew the following spells:

 Your Spells              Type           Power      Damage    Failure   Level
a - Sting                 Tmut/Pois      36%        1d4       8%          1
b - Poisonous Vapours     Pois/Air       20%        N/A       11%         2

Your spell library contained the following spells:

 Spells                   Type           Power      Damage    Failure   Level
 Summon Small Mammal      Summ           8%         N/A       21%         1
 Mephitic Cloud           Conj/Pois/Air  7%         N/A       28%         3
 Olgreb's Toxic Radiance  Pois           13%        N/A       38%         4
 Call Canine Familiar     Summ           2%         N/A       52%         3
 Portal Projectile        Hex/Tloc       4%         N/A       52%         3
 Summon Guardian Golem    Hex/Summ       2%         N/A       52%         3
 Leda's Liquefaction      Hex/Erth       1%         N/A       90%         4


Dungeon Overview and Level Annotations

Branches:
Dungeon (3/15)

Altars:

Annotations:
D:3 Ijyb, Sigmund


Innate Abilities, Weirdness & Mutations

You are a tree.
Your roots penetrate the ground, keeping you stationary.
You cannot be teleported.
You are immune to unholy pain and torment.
Your maximum health is greatly increased.
Your equipment is partially melded.
((You have extremely sharp teeth.))
Your natural rate of healing is unusually fast.
When hurt, damage is shared between your health and your magic reserves.
((Your bite disrupts and absorbs the magic of your enemies.))
Potions cannot restore your health.


Message History

The scroll dissolves into smoke.
It was a scroll of fog.
Flame seeps out of Ijyb.
Something hits you but does no damage. Ijyb hits you but does no damage.
As you read the scroll labelled WUTAEC RIZE, it crumbles to dust.
It is a scroll of enchant weapon.
Your +3 quarterstaff of chaos glows red for a moment.
Flame seeps out of Ijyb.
Ijyb looks more healthy.
Something hits you but does no damage. Ijyb hits you but does no damage.
Your +4 quarterstaff of chaos is briefly surrounded by a scintillating aura of random colours.
r - a +4 quarterstaff of chaos (weapon)
Something hits you!
* * * LOW HITPOINT WARNING * * *
Ijyb hits you but does no damage.
You closely miss Ijyb.
Ijyb is heavily wounded.
Something hits you.
* * * LOW HITPOINT WARNING * * *
Ijyb hits you but does no damage.
You completely miss Ijyb.
Ijyb is heavily wounded.
Something hits you but does no damage. Ijyb hits you but does no damage.
You barely miss Ijyb.
Ijyb is heavily wounded.
Something hits you but does no damage. Ijyb hits you but does no damage.
Something hits you but does no damage.
You barely miss Ijyb.
Ijyb is heavily wounded.
Ijyb hits you but does no damage. Something hits you but does no damage.
Ijyb hits you but does no damage.
You miss Ijyb.
Ijyb is heavily wounded.
Something hits you but does no damage. Ijyb hits you but does no damage.
You closely miss Ijyb.
Ijyb is heavily wounded.
Something hits you!
* * * LOW HITPOINT WARNING * * *
Ijyb hits you with a +2 dagger of freezing.
* * * LOW HITPOINT WARNING * * *
Ijyb freezes you.
You die...

#####.# #.....# #.#####
#.# #.######## ###
#......... .. +.........
.# ###
#..###############§#.....
#..#..>.......§§♣g{...#
.....#############§####
#....# .# #....# [.
#....# ... #....# ..##
#....# ..#.. #....#
..#... #....#


You could see Ijyb (inner flame, weak-willed).

Vanquished Creatures
  Crazy Yiuf (D:2)
  2 adders (D:2)
  4 dart slugs
  4 ball pythons
  3 endoplasms
  A giant cockroach (D:2)
  5 goblins
  3 hobgoblins
  3 jackals
  5 bats (D:2)
  4 frilled lizards (D:2)
  6 kobolds
  A rat (D:2)
42 creatures vanquished.

Vanquished Creatures (others)
  A fungus (D:2)
1 creature vanquished.

Grand Total: 43 creatures vanquished

Notes
Turn   | Place    | Note
-------+----------+-------------------------------------------
     0 | D:1      | ABBCCCDDDD the Vine Stalker Venom Mage began the quest for
                  | the Orb.
     0 | D:1      | Reached XP level 1. HP: 9/9 MP: 4/4
   265 | D:1      | Reached XP level 2. HP: 8/13 MP: 0/6
   270 | D:1      | Learned a level 2 spell: Poisonous Vapours
  1065 | D:2      | Reached XP level 3. HP: 16/16 MP: 1/7
  1592 | D:2      | Reached skill level 1 in Air Magic
  2191 | D:2      | Gained mutation: Your natural rate of healing is unusually
                  | fast. [Vine Stalker growth]
  2191 | D:2      | Reached XP level 4. HP: 21/21 MP: 1/8
  2618 | D:2      | Found a runed translucent door.
  2619 | D:2      | Noticed Crazy Yiuf
  2815 | D:2      | Killed Crazy Yiuf
  3056 | D:3      | Noticed Ijyb
  3059 | D:3      | Noticed Sigmund
  3061 | D:3      | HP: 1/21 [Ijyb/iceblast (10)]
  3077 | D:3      | HP: 1/31 [Ijyb (2)]
  3077 | D:3      | Slain by Ijyb

Illustrated notes

Levels and vault maps discovered:
D:1:      mainiacjoe_arrival_reflecting_pool, layout_rooms
D:2:      minmay_door_path, layout_basic, minmay_split_cup_large,
          uniq_crazy_yiuf_cottage
D:3:      layout_basic, cheibrodos_sewer_entry_bend, gammafunk_ghost_mausoleum,
          kennysheep_boxes, uniq_ijyb, uniq_terence, uniq_robin, uniq_sigmund

Skill      XL: |  1  2  3 |
---------------+----------+-----
Stealth        | 3 |  3.8
Air Magic      | 1 |  1.5
Dodging        | |  1.5
Unarmed Combat | |  0.4
Spellcasting   | |  2.8
Transmutations | |  1.0
Poison Magic   | |  3.7

Action                   |  1- 3 |  4- 6 || total
-------------------------+-------+-------++-------
Melee: Dagger            |    20 |     8 ||    28
       Bite              |     2 |     5 ||     7
       Quarterstaff      |       |     6 ||     6
       Punch             |       |     1 ||     1
 Cast: Sting             |    17 |     2 ||    19
       Poisonous Vapours |    37 |    18 ||    55
  Use: Potion            |     1 |     4 ||     5
       Scroll            |       |     5 ||     5
 Stab: Sleeping          |     2 |       ||     2
Armor: Robe              |     6 |     2 ||     8
       Skin              |     7 |    23 ||    30
Dodge: Dodged            |    18 |    11 ||    29
